 Dungeon Crawl Stone Soup version 0.23.2 (webtiles) character file.

Game seed: 14376524218487997946

112 CedricTheThird the Poker (level 4, -4/33 HPs)
             Began as a Merfolk Gladiator on Apr 10, 2019.
             Killed from afar by an orc wizard (12 damage)
             ... with a puff of flame
             ... on level 3 of the Dungeon.
             The game lasted 00:03:10 (1650 turns).

CedricTheThird the Poker (Merfolk Gladiator)        Turns: 1650, Time: 00:03:11

Health: -4/33      AC:  6    Str: 15    XL:     4   Next: 95%
Magic:  4/4        EV: 12    Int:  7    God:
Gold:   78         SH:  0    Dex: 15    Spells: 3/3 levels left

rFire    . . .     SeeInvis .   a - +0 trident
rCold    . . .     Gourm    .   (no shield)
rNeg     . . .     Faith    .   o - +0 ring mail
rPois    .         Spirit   .   n - +0 helmet
rElec    .         Reflect  .   (no cloak)
rCorr    .         Harm     .   (no gloves)
MR       .....                  (no boots)
Stlth    +.........             (no amulet)
HPRegen  0.11/turn              (no ring)
MPRegen  0.09/turn              (no ring)

@: no status effects
A: change form in water, swift swim, stealthy swim
a: no special abilities


You were on level 3 of the Dungeon.
You were hungry.

You visited 1 branch of the dungeon, and saw 3 of its levels.

You collected 78 gold pieces.

Inventory:

Hand Weapons
 a - a +0 trident (weapon)
Missiles
 d - 3 throwing nets (quivered)
Armour
 n - a +0 helmet (worn)
 o - a +0 ring mail (worn)
Jewellery
 p - an uncursed ring of fire {unknown}
Scrolls
 c - 2 scrolls of remove curse {unknown}
 k - a scroll of identify {unknown}
 l - a scroll of magic mapping {unknown}
 m - 4 scrolls of teleportation {unknown}
 q - a scroll of immolation {unknown}
Potions
 b - a potion of might {unknown}
 e - 3 potions of curing
 g - 2 potions of haste
 h - a potion of brilliance {unknown}
 i - a potion of agility {unknown}
 j - a potion of berserk rage {unknown}
Comestibles
 f - 5 rations


   Skills:
 - Level 2.1 Fighting
 + Level 7.9 Polearms
 - Level 2.0 Throwing
 - Level 4.0 Dodging


You had 3 spell levels left.
You didn't know any spells.
Your spell library was empty.

Dungeon Overview and Level Annotations

Branches:
Dungeon (3/15)

Altars:
Fedhas


Message History

An orc wizard comes into view. It is wielding a +0 dagger.
You hit the orc but do no damage.
The orc is heavily wounded.
The orc completely misses you.
You hit the orc.
You kill the orc!
You barely miss the orc. The orc hits you but does no damage.
You barely miss the orc.
The orc wizard casts a spell.
The orc wizard seems to speed up.
You puncture the orc!
You kill the orc!
An orc comes into view. It is wielding a +0 falchion.
The orc wizard looks satisfied for a moment.
You are feeling hungry.
An orc priest comes into view. It is wielding a +0 club.
The orc priest shouts!
The orc wizard points at you and mumbles some strange words.
The puff of flame hits you!
You die...

#.........
#.#####...#..#..
.....(.<........ #. #.
#.#####...#..#..
##.##.##.#####.........
.......................
#.....#.#####[...≈≈≈..
.#..#..#.#####..≈≈≈≈≈≈≈
..........o@...≈≈≈≈≈≈≈≈
.#..#.....###.≈≈≈≈≈≈≈≈≈
.......#o###..≈≈≈≈P.P≈≈
#..#........≈≈≈≈PP.P.≈
..#.o.)###.≈≈≈≈
........).).≈≈≈≈PP♣PP
#..##..)))...≈≈≈≈...≈
#. #......o.≈≈≈≈≈≈≈ #.
#...†.....≈≈≈≈≈≈


You could see an orc priest, an orc wizard and an orc.

Vanquished Creatures
  An orc wizard (D:3)
  4 adders
  A worm (D:2)
  A dart slug (D:2)
  A leopard gecko (D:2)
  6 orcs (D:3)
  3 bats
  A giant cockroach (D:3)
  A goblin (D:2)
  6 hobgoblins
  A quokka (D:3)
  3 frilled lizards
  5 kobolds
  4 rats
38 creatures vanquished.

Notes
Turn   | Place    | Note
-------+----------+-------------------------------------------
     0 | D:1      | CedricTheThird the Merfolk Gladiator began the quest for
                  | the Orb.
     0 | D:1      | Reached XP level 1. HP: 16/16 MP: 1/1
   704 | D:2      | Reached skill level 5 in Polearms
   708 | D:2      | Reached XP level 2. HP: 22/22 MP: 2/2
   874 | D:2      | Reached skill level 6 in Polearms
   874 | D:2      | Reached XP level 3. HP: 19/27 MP: 3/3
  1436 | D:2      | Reached skill level 7 in Polearms
  1436 | D:2      | Reached XP level 4. HP: 21/33 MP: 4/4
  1510 | D:3      | Found a blossoming altar of Fedhas.
  1650 | D:3      | Killed from afar by an orc wizard

Skill      XL: |  1  2  3 |
---------------+----------+-----
Polearms       | 5 6 7 |  7.9
Fighting       | |  2.1
Throwing       | |  2.0
Dodging        | |  4.0

Action                   |  1- 3 |  4- 6 || total
-------------------------+-------+-------++-------
Melee: Trident           |   108 |    65 ||   173
  Use: Potion            |       |     2 ||     2
 Stab: Sleeping          |     3 |       ||     3
  Eat: Chunk             |     2 |       ||     2
Armor: Leather armour    |     7 |       ||     7
       Ring mail         |     6 |    16 ||    22
Dodge: Dodged            |    60 |    34 ||    94
